 Dungeon Crawl Stone Soup version 0.20.1-1-g8b1a95d (webtiles) character file.

2593 grizmgrazm2 the Covert (level 9, 0/59 HPs)
             Began as a Vampire Enchanter on Oct 2, 2017.
             Was an Initiate of Ashenzari.
             Slain by a killer bee (3 damage)
             ... on level 6 of the Dungeon.
             The game lasted 00:30:13 (12610 turns).

grizmgrazm2 the Covert (Vampire Enchanter)         Turns: 12610, Time: 00:30:15

Health: 0/59       AC:  5    Str: 12    XL:     9   Next: 33%
Magic:  18/18      EV: 14    Int: 20    God:    Ashenzari [......]
Gold:   352        SH:  0    Dex: 15    Spells: 11/20 levels left

rFire    . . .     SeeInvis +   k - +4 dagger (flame) (curse)
rCold    + + .     Gourm    .   (no shield)
rNeg     + + .     Faith    .   b - +0 robe
rPois    +         Spirit   .   p - +2 helmet (curse)
rElec    .         Reflect  .   (no cloak)
rCorr    .         Harm     .   (no gloves)
MR       .....                  (no boots)
Stlth    ++++++....             (no amulet)
Regen    0.1/turn               f - ring of protection from cold
MPRegen  0.2/turn               (no ring)

@: mighty, about to teleport, regenerating slowly
A: fangs 3, see invisible, unbreathing
a: Bat Form, Curse Item, Renounce Religion


You were on level 6 of the Dungeon.
You worshipped Ashenzari.
Ashenzari was noncommittal.
You were near bloodless.

You visited 2 branches of the dungeon, and saw 8 of its levels.
You also visited: Ossuary.

You collected 352 gold pieces.

Inventory:

Hand Weapons
 a - a +2 dagger
 k - a cursed +4 dagger of flaming (weapon)
Armour
 b - a +0 robe (worn)
 p - a cursed +2 helmet (worn)
Jewellery
 f - a ring of protection from cold (left hand)
Scrolls
 i - 2 scrolls of teleportation
 m - 4 scrolls of remove curse
 v - a scroll of amnesia
Potions
 d - 6 potions of blood
 h - a potion of ambrosia
 j - a potion of flight
 n - a potion of brilliance
 t - a potion of degeneration {unknown}
 u - 2 potions of magic
Books
 c - a book of Maledictions

   Spells                             Type                      Level
   a - Corona                         Hexes                        1
   b - Ensorcelled Hibernation        Hexes/Ice                    2
   c - Confuse                        Hexes                        3
   d - Tukima's Dance                 Hexes                        3
   e - Dazzling Spray                 Conjuration/Hexes            3


   Skills:
 + Level 1.1 Fighting
 + Level 4.1 Short Blades
 + Level 3.7 Dodging
 + Level 11.7 Stealth
 + Level 6.0 Spellcasting
 + Level 10.0 Hexes
 + Level 2.3 Ice Magic


You had 11 spell levels left.
You knew the following spells:

 Your Spells              Type           Power        Failure   Level  Hunger
a - Ensorcelled Hibernat  Hex/Ice        ####..       1%          2    None
b - Confuse               Hex            #####...     1%          3    ##.....
c - Tukima's Dance        Hex            #####...     1%          3    ##.....
d - Corona                Hex            #####..      1%          1    None


Dungeon Overview and Level Annotations

Branches:
Dungeon (7/15)             Temple (1/1) D:6

Altars:
Ashenzari
Cheibriados
Dithmenos
Elyvilon
Fedhas
Gozag
Hepliaklqana
Kikubaaqudgha
Makhleb
Nemelex Xobeh
Okawaru
Qazlal
Trog
Xom
Yredelemnul
Zin
The Shining One


Innate Abilities, Weirdness & Mutations

You heal slowly.
You have razor-sharp teeth.
You have supernaturally acute eyesight. (SInv)
You can survive without breathing.


Message History

* * * LOW HITPOINT WARNING * * *
The killer bee stings you.
* * * LOW HITPOINT WARNING * * *
The killer bee stings you.
* * * LOW HITPOINT WARNING * * *
The killer bee closely misses you. The killer bee stings you.
* * * LOW HITPOINT WARNING * * *
You feel better. The killer bee barely misses you.
The killer bee closely misses you. The killer bee misses you.
The killer bee stings you but does no damage.
The killer bee closely misses you. The killer bee stings you!
* * * LOW HITPOINT WARNING * * *
The killer bee misses you. The killer bee closely misses you.
You feel very mighty all of a sudden. The killer bee misses you.
The killer bee stings you.
* * * LOW HITPOINT WARNING * * *
The killer bee barely misses you.
The killer bee stings you but does no damage.
The killer bee stings you.
You die...

#.# #..#.......#.?.#......#
#.##########.#...........#......#
#.............##..#......#.......
....................##.#.#..#.###
######......#..#.)#.........#....
#......##.#..#......#.######
#...§......)................
##..§...##yy#####...#.######
#......##y@# #...........
###....###y# #..##.###### ######
#.# #.....# #.# ##.#### #.# #.#
#.# #.# #.# #.######### #.#
#.......... #.################


You could see 4 killer bees.

Vanquished Creatures
  Edmund (D:4)
  Menkaure (D:4)
  The ghost of damerell the Caller, an amateur BaSu (D:4)
  2 sky beasts
  A centaur (D:5)
  3 elf zombies (Ossuary)
  Blork the orc (D:4)
  3 scorpions
  2 killer bees (D:6)
  4 wights
  5 crimson imps
  A centaur zombie (Ossuary)
  A hound (D:5)
  2 jellies
  8 orc wizards
  2 human zombies (Ossuary)
  5 orc priests
  A bullfrog skeleton (D:6)
  An iguana (D:4)
  4 worker ants
  3 hound zombies
  A hound skeleton (D:4)
  4 mummies
  A worker ant zombie (D:6)
  9 adders
  An ooze (D:1)
  An adder skeleton (D:4)
  2 adder zombies (Ossuary)
  5 worms
  5 dart slugs
  9 leopard geckos
  18 orcs
  2 giant cockroaches
  8 goblins
  7 hobgoblins
  11 jackals
  5 quokkas
  4 ball pythons
  12 bats
  5 frilled lizards
  A gnoll zombie (Ossuary)
  6 goblin zombies
  8 hobgoblin zombies
  3 jackal zombies (Ossuary)
  9 kobolds
  2 kobold zombies (Ossuary)
  A leopard gecko skeleton (D:4)
  An orc zombie (Ossuary)
  2 quokka zombies (Ossuary)
  14 rats
  4 rat zombies (Ossuary)
213 creatures vanquished.

Vanquished Creatures (collateral kills)
  An ogre (D:6)
  A wight (D:5)
2 creatures vanquished.

Grand Total: 215 creatures vanquished

Notes
Turn   | Place    | Note
-------+----------+-------------------------------------------
     0 | D:1      | grizmgrazm2 the Vampire Enchanter began the quest for the Orb.
     0 | D:1      | Reached XP level 1. HP: 13/13 MP: 3/3
   470 | D:1      | Reached XP level 2. HP: 19/19 MP: 5/5
   477 | D:1      | Learned a level 2 spell: Ensorcelled Hibernation
   723 | D:1      | Reached skill level 5 in Hexes
  1365 | D:1      | Reached XP level 3. HP: 24/24 MP: 3/6
  1367 | D:1      | Reached skill level 5 in Stealth
  2563 | D:2      | Learned a level 3 spell: Confuse
  2736 | D:2      | Found a stormy altar of Qazlal.
  2845 | D:2      | Found a hazy altar of Hepliaklqana.
  3073 | D:2      | Reached XP level 4. HP: 30/30 MP: 3/7
  3775 | D:3      | Reached skill level 1 in Ice Magic
  3801 | D:3      | Reached skill level 6 in Stealth
  3803 | D:3      | Reached XP level 5. HP: 35/35 MP: 6/9
  4001 | D:3      | Reached skill level 7 in Stealth
  4776 | D:3      | Reached XP level 6. HP: 30/41 MP: 2/10
  5037 | D:3      | Found a shimmering altar of Xom.
  5907 | D:4      | Found a sand-covered staircase.
  5912 | Ossuary  | Entered an ossuary
  6518 | Ossuary  | Reached skill level 8 in Stealth
  7061 | Ossuary  | Reached XP level 7. HP: 44/47 MP: 5/12
  7418 | Ossuary  | Reached skill level 9 in Stealth
  7581 | D:4      | Noticed damerell's ghost (amateur BaSu)
  8101 | D:4      | Killed damerell's ghost
  8130 | D:4      | Noticed Edmund
  8133 | D:4      | Killed Edmund
  8140 | D:4      | Noticed Menkaure
  8149 | D:4      | Killed Menkaure
  8149 | D:4      | Reached skill level 10 in Stealth
  8149 | D:4      | Reached XP level 8. HP: 47/53 MP: 7/14
  8984 | D:4      | Noticed Blork the orc
  9001 | D:4      | Killed Blork the orc
  9135 | D:5      | Entered Level 5 of the Dungeon
  9151 | D:5      | Reached skill level 1 in Fighting
  9261 | D:4      | Learned a level 3 spell: Tukima's Dance
  9673 | D:4      | Reached skill level 5 in Spellcasting
  9919 | D:5      | Reached skill level 11 in Stealth
 10436 | D:5      | Found a sparkling altar of Nemelex Xobeh.
 10438 | D:5      | Found a glowing golden altar of the Shining One.
 10440 | D:5      | Found a shadowy altar of Dithmenos.
 10441 | D:5      | Found a burning altar of Makhleb.
 10724 | D:5      | Noticed a moth of wrath
 10727 | D:5      | Found a bloodstained altar of Trog.
 10874 | D:5      | Reached XP level 9. HP: 59/59 MP: 10/17
 11109 | D:6      | Found a staircase to the Ecumenical Temple.
 11117 | Temple   | Entered the Ecumenical Temple
 11240 | Temple   | Became a worshipper of Ashenzari the Shackled
 12592 | D:6      | Reached skill level 10 in Hexes
 12610 | D:6      | Slain by a killer bee

Skill      XL: |  1  2  3  4  5  6  7  8  9 |
---------------+----------------------------+-----
Hexes          | 5 6 7 9 10 | 10.0
Stealth        | 5 6 7 8 10 11 | 11.7
Ice Magic      | 1 2 |  2.3
Short Blades   | 2 3 4 |  4.1
Spellcasting   | 3 4 5 6 |  6.0
Dodging        | 3 |  3.7
Fighting       | 1 |  1.1

Action                   |  1- 3 |  4- 6 |  7- 9 || total
-------------------------+-------+-------+-------++-------
Melee: Dagger            |    84 |   233 |   214 ||   531
       Bite              |     5 |    15 |    16 ||    36
 Cast: Corona            |    21 |     3 |       ||    24
       Ensorcelled Hiber |    39 |    33 |    39 ||   111
       Confuse           |       |    18 |    57 ||    75
       Tukima's Dance    |       |       |     8 ||     8
Invok: Curse Item        |       |       |     2 ||     2
 Abil: End Transformatio |     1 |       |     1 ||     2
       Bat Form          |     1 |       |     1 ||     2
  Use: Scroll            |     3 |     4 |    13 ||    20
       Potion            |     4 |     7 |    16 ||    27
 Stab: Sleeping          |    26 |    50 |    44 ||   120
       Confused          |       |     9 |    26 ||    35
Armor: Robe              |    18 |    30 |    46 ||    94
Dodge: Dodged            |    66 |   118 |   143 ||   327
